caesar, neutral male human Barbarian ----------- ----------- |...`|....--- |.........| |....|``...>| |.........| |......@..--- |.........| |....|u...| |....<....| |-.--------- |...%.....| |....|.....| |.........| |....|`....| |.........| |..........| |.........| |....|`....----------------%| |....|........%..[..........| ----------------------------- caesar the Bandit Experience level: 7 Strength: 18/01 Dexterity: 18 Constitution: 18 Intelligence: 7 Wisdom: 8 Charisma: 7 Health: 0(85) Energy: 15(15) Def: 9 Gold: 1043 Moves: 5202 Dungeon seed: 7_KVi6y-3xEnP9FO Game ID: caesar_1506649078 Your Inventory: Coins $ - 1043 gold pieces Weapons a - a +0 battle-axe (weapon in hands) b - a +0 short sword Armor q - an uncursed +1 banded mail (being worn) z - an uncursed +0 dwarvish cloak (being worn) N - an uncursed +0 pair of iron shoes (being worn) Comestibles C - an uncursed food ration V - an uncursed GMO apple Scrolls A - an uncursed scroll of enchant weapon I - a blessed scroll of earth Spellbooks F - an uncursed spellbook of levitation Potions i - an uncursed potion of object detection k - an uncursed potion of extra healing p - an uncursed potion of see invisible Rings h - an uncursed ring of hunger K - a cursed -2 ring of gain strength M - an uncursed ring of free action R - an uncursed ring of poison resistance Wands g - a wand of make invisible (0:6) n - a wand of make invisible (0:4) t - a wand of striking (0:3) G - a wand of speed monster (0:2) O - a wand of create monster (0:11) S - a wand of lightning (0:5) Tools d - an uncursed oil lamp (0:1441) m - an uncursed wax candle (0:400) o - a blessed tallow candle (0:200) Spells and supernatural/magical abilities: Name Level Category Fail Memory W - pray for help -- divine ? -- Your skills at the end: Fighting Skills bare handed combat [Basic] Weapon Skills axe [Basic] short sword [Basic] Spellcasting Skills Final Attributes: You were piously aligned. You were poison resistant. You were telepathic. You were fast. You were unlucky. You are dead. Vanquished creatures: a wolf a spotted jelly an orc mummy a lizard a dingo a dust vortex a snake 3 human zombies an orc shaman a rock piercer a rock mole a pony a violet fungus 4 gnome lords a gnomish wizard an elf zombie 4 giant ants a little dog a floating eye a kitten 2 dwarves a homunculus 3 rothes a centipede a giant bat a monkey a coyote 2 hobbits 2 hobgoblins 7 giant rats 8 gnomes a garter snake 5 geckos 2 jackals 2 kobolds a goblin 4 grid bugs a bat a lichen 6 newts 80 creatures vanquished. Voluntary challenges: You were an atheist. You used a wielded weapon 97 times, starting on turn 19. You read items or engraved 7 times, starting on turn 2304. You never genocided any monsters. You never polymorphed an object. You never changed form. You used no wishes. You never split a pudding. You never wrote Elbereth's name. You violated your moral code, losing 11 points of alignment, starting on turn 4618. Dungeon overview: The Dungeons of Doom: levels 1 to 8 Level 1 a long staircase Level 2 a fountain Level 3 a fountain stairs to The Gnomish Mines Level 4 a fountain Level 5 a scroll shop, some fountains Level 6 a fountain Level 7 many fountains Level 8 a fountain, a sink stairs to Sokoban The Gnomish Mines: levels 4 to 5 Level 4 stairs to The Dungeons of Doom Level 5 Sokoban: levels 5 to 7 Level 5 Level 6 <- You were here Level 7 stairs to The Dungeons of Doom History has recorded: On T:1 you entered the Dungeons of Doom to retrieve the Amulet of Yendor! On T:367 you advanced to experience level 2. On T:424 you reached level 2 of The Dungeons of Doom. On T:592 you reached level 3 of The Dungeons of Doom. On T:799 you reached level 1 of The Gnomish Mines. On T:855 you reached level 4 of The Dungeons of Doom. On T:1223 you reached level 5 of The Dungeons of Doom. On T:1337 you advanced to experience level 3. On T:1354 you advanced to experience level 4. On T:1652 you reached level 2 of The Gnomish Mines. On T:2075 you advanced to experience level 5. On T:2337 you reached level 6 of The Dungeons of Doom. On T:2860 you reached level 7 of The Dungeons of Doom. On T:3148 you reached level 8 of The Dungeons of Doom. On T:3387 you advanced to experience level 6. On T:3494 you reached level 4 of Sokoban. On T:3908 you reached level 3 of Sokoban. On T:4698 you reached level 2 of Sokoban. On T:5084 you advanced to experience level 7. Score breakdown: Gold: 1043 (10268 points) Experience: 7 levels (13645 points) Exploration: 8 levels ( 16.33%) (11456 points) Discoveries: 10 items ( 4.08%) ( 6060 points) Valuables value: (no points given unless you survive) Artifact value: 0 ( 0 points) Variety of kills: 40 monsters ( 10.50%) ( 9720 points) Turncount: 5202 turns (-1413 points) Survival: died (score multiplied by 80%) Total score: 39788 Latest messages: Hello caesar, the human Barbarian, welcome back to NetHack! The gray unicorn misses. The gray unicorn kicks! You smite the gray unicorn! The gray unicorn butts! The gray unicorn just misses! The gray unicorn butts! The gray unicorn kicks! You die... Final status: Goodbye caesar the Barbarian, killed by a gray unicorn... You died in Sokoban on dungeon level 6 with 39788 points, and 1043 pieces of gold, after 5202 moves. You were level 7 with a maximum of 85 hit points when you died.